 Dungeon Crawl Stone Soup version 0.19-a0-1532-g228a5d9 (webtiles) character file.

158491 hairmachine the Brawler (level 17, -8/179 HPs)
             Began as a Troll Warper on Sept 1, 2016.
             Was the Champion of Okawaru.
             Killed from afar by a spark wasp (13 damage)
             ... with a living lightning
             ... on level 4 of the Spider Nest on Sept 13, 2016.
             The game lasted 02:26:41 (31397 turns).

hairmachine the Brawler (Troll Warper)             Turns: 31397, Time: 02:26:41

Health: -8/179     AC: 23    Str: 25      XL:     17   Next: 14%
Magic:  0/22       EV: 15    Int: 12 (15) God:    Okawaru [******]
Gold:   1938       SH: 19    Dex: 14      Spells: 2 memorised, 15 levels left

rFire  . . .     SeeInvis .       - Unarmed
rCold  + . .     Gourm    +     b - +4 troll leather armour "Zirodui" {rPois Regen+ Str+2}
rNeg   . . .     Faith    .     i - +3 shield {AC+3}
rPois  +         Spirit   .     Z - +2 hat
rElec  .         Dismiss  .     x - +2 cloak
rCorr  .         Reflect  +     (gloves unavailable)
MR     +....     Harm     .     (boots unavailable)
Stlth  ++........               k - +2 amulet of reflection
                                D - +3 ring of protection
                                K - ring "Jacef" {rC+ Int+6}

@: heroism, finesse
A: unfitting armour, claws 3, repulsion field 1, fast metabolism 3, gourmand,
regeneration 1, shaggy fur 1, tough skin 2
a: Heroism, Finesse, Renounce Religion


You were on level 4 of the Spider Nest.
You worshipped Okawaru.
Okawaru was exalted by your worship.
You were very full.

You visited 5 branches of the dungeon, and saw 28 of its levels.

You collected 2946 gold pieces.
You spent 1008 gold pieces at shops.

Inventory:

Hand Weapons
 z - a +0 giant club
 H - a +0 giant spiked club
Missiles
 a - 6 steel javelins
 d - 3 tomahawks of dispersal
 R - 3 throwing nets
 S - 5 steel tomahawks
 U - 26 large rocks (quivered)
Armour
 b - the +4 troll leather armour "Zirodui" (worn) {rPois Regen+ Str+2}
   (Okawaru gifted it to you on level 15 of the Dungeon)

   It affects your strength (+2).
   It protects you from poison.
   It increases your rate of regeneration.
 i - a +3 shield of protection (worn)
 x - a +2 cloak (worn)
 J - a +0 hat of magic resistance
 Q - a +2 robe of fire resistance
 Z - a +2 hat (worn)
Jewellery
 g - an uncursed ring of positive energy
 k - a +2 amulet of reflection (around neck)
 o - an uncursed ring of see invisible
 D - a +3 ring of protection (right claw)
 K - the ring "Jacef" (left claw) {rC+ Int+6}
   (You found it on level 13 of the Dungeon)

   [ring of protection from cold]

   It affects your intelligence (+6).
   It protects you from cold.
Wands
 e - a wand of disintegration (16/24)
 h - a wand of digging (7/24)
 u - a wand of slowing (28/48)
 C - a wand of digging (7/24)
 E - a wand of acid (3/15)
 I - a wand of teleportation (6/9)
 N - a wand of iceblast (2/15)
 O - a wand of hasting (3/9)
Scrolls
 j - a scroll of blinking
 m - a scroll of enchant weapon
 r - a scroll of silence
 s - 7 scrolls of recharging
 y - 2 scrolls of magic mapping
 A - 3 scrolls of amnesia
 G - 2 scrolls of enchant armour
 M - 11 scrolls of remove curse
 T - 3 scrolls of fog
 W - 5 scrolls of identify
 X - a scroll of summoning {unknown}
Potions
 l - 5 potions of curing
 q - 3 potions of ambrosia
 t - 2 potions of cure mutation
 w - 2 potions of lignification
 P - 4 potions of might
 Y - 2 potions of cancellation
Miscellaneous
 n - a phial of floods
 B - a sack of spiders
Comestibles
 c - 3 slices of pizza
 f - 13 bread rations
 p - 17 meat rations
 F - 4 royal jellies
 L - 8 beef jerkies
 V - 27 fruits


   Skills:
 + Level 13.9(18.9) Fighting
 - Level 3.6(8.6) Maces & Flails
 + Level 10.9(15.9) Throwing
 - Level 1.9(6.9) Dodging
 + Level 11.4(16.4) Shields
 + Level 15.0(20.0) Unarmed Combat
 - Level 1.2 Spellcasting
 - Level 4.4 Translocations
 - Level 9.3 Invocations
 - Level 5.0 Evocations


You had 15 spell levels left.
You knew the following spells:

 Your Spells              Type           Power        Failure   Level  Hunger
a - Apportation           Tloc           ##........   8%          1    ##.....
b - Blink                 Tloc           N/A          10%         2    ###....


Dungeon Overview and Level Annotations

Branches:
Dungeon (15/15)            Temple (1/1) D:4            Lair (6/6) D:11
 Shoals (0/4) Lair:2       Spider (4/4) Lair:4        Slime (0/5) Lair:5
    Orc (2/2) D:12            Elf (0/3) Orc:2        Vaults (0/5) D:14
 Depths (0/5) D:15

Altars:
Cheibriados
Dithmenos
Elyvilon
Fedhas
Kikubaaqudgha
Makhleb
Nemelex Xobeh
Okawaru
Qazlal
Trog
Uskayaw
Vehumet
Yredelemnul
Beogh
Jiyva

Shops:
D:4 (   D:13 ([!   Orc:2 }!:[

Portals:
Hell: Lair:6


Innate Abilities, Weirdness & Mutations

You are too large for most types of armour.
You have claws for hands.
Your metabolism is lightning-fast.
You like to eat raw meat.
Your natural rate of healing is unusually fast.
You are covered in fur. (AC +1)
You have very tough skin. (AC +2)
You are surrounded by a mild repulsion field. (EV +2)


Message History

You feel you are being watched by something.
You feel your power leaking away.
The spark wasp pulls away from the web.
Something hits you!
* * * LOW HITPOINT WARNING * * *
Something hits you but does no damage. Something stings you.
* * * LOW HITPOINT WARNING * * *
You feel better.
Your surroundings seem slightly different.
You feel better.
You found a web!
The spark wasp bursts into living lightning!
The living lightning hits you!
* * * LOW HITPOINT WARNING * * *
The living lightning hits you!
* * * LOW HITPOINT WARNING * * *
The spark wasp blinks! x3
You claw the spark wasp!
The spark wasp is almost dead.
The spark wasp bursts into living lightning!
The living lightning hits you!
You die...

###### ##.#≈.## ##
##≈(≈.[≈# ##.#
##≈.....≈#### ##.^##
#≈..≈.^≈..≈≈## #@..≈#
#≈.≈####≈≈..≈####y≈≈#
≈..## ##≈≈.≈..≈≈#≈≈##
≈..≈###.≈≈##....≈≈≈#
≈...≈##.≈≈.##≈.y.≈##
#....###...###≈..§≈#
##.≈.≈≈##### ###≈.≈#
###...### ##..#
##≈.≈##. ##†##


You could see a spark wasp.

Vanquished Creatures
  Roxanne (Spider:2)
  6 ghost moths
  3 emperor scorpions
  A stone giant (Orc:1)
  The ghost of Aquadorian the Fighter, a journeyman OpAs of Dithmenos (Orc:2)
  5 entropy weavers
  2 dire elephants (Lair:6)
  A spark wasp (Spider:4)
  An ogre mage (Orc:2)
  Erica (D:10)
  Harold (D:11)
  4 vault guards (D:14)
  2 hydras
  Erolcha (Orc:2)
  The ghost of rlgrobin the Cleaver, a journeyman FoFi of Hepliaklqana (D:10)
  A catoblepas (Lair:6)
  2 centaur warriors (D:14)
  A queen ant (Spider:3)
  6 death yaks (Lair:5)
  A tengu warrior (D:14)
  Nergalle (Lair:4)
  A sea snake (shapeshifter) (D:15)
  2 unseen horrors
  7 hill giants
  A wizard (Lair:6)
  An orc knight (Orc:1)
  Pikel (D:4)
  33 wolf spiders
  23 orb spiders
  A salamander (D:15)
  A deep elf mage (D:15)
  9 orc sorcerers
  2 cyclopes (D:14)
  4 ugly things (D:14)
  2 griffons
  4 manticores
  A moth of wrath (Spider:2)
  5 hornets
  3 black mambas
  3 elephants (Lair:6)
  Joseph (D:9)
  A smoke demon (Lair:6)
  3 torpor snails
  9 spiny frogs
  A gargoyle (D:12)
  13 demonic crawlers
  9 komodo dragons
  2 efreet
  2 rime drakes
  4 orange demons (Lair:6)
  2 kobold demonologists (D:15)
  A freezing wraith (D:13)
  A yaktaur (D:15)
  2 ice devils (Lair:6)
  A hellwing (Lair:6)
  45 jumping spiders
  2 tengu conjurers (D:15)
  A merfolk (D:9)
  A queen bee (shapeshifter) (D:13)
  3 meliai
  9 trolls
  A wolf spider simulacrum (D:14)
  7 blink frogs
  Prince Ribbit (D:9)
  11 dream sheep
  14 slime creatures
  A hornet zombie (D:13)
  A boulder beetle (Spider:1)
  A shadow (D:14)
  56 redbacks
  2 wraiths
  A spriggan (Lair:6)
  37 tarantellas
  5 wyverns
  6 basilisks
  45 yaks
  4 hippogriffs
  A steam dragon (D:13)
  4 vampire mosquitoes (D:14)
  7 wargs
  24 soldier ants (Spider:3)
  A hell hound (Lair:6)
  8 water moccasins
  7 porcupines
  A swamp drake (D:12)
  22 orc warriors
  2 eyes of draining
  A slave (D:3)
  7 wasps
  3 ice beasts
  2 black bears
  16 ogres
  3 sky beasts
  4 necrophages
  12 centaurs
  5 phantoms
  17 wolves
  15 crocodiles
  20 giant frogs
  A wyvern zombie (D:12)
  2 wyvern skeletons
  8 scorpions
  4 killer bees (D:7)
  9 wights
  5 howler monkeys
  5 electric eels
  2 crimson imps
  4 centaur zombies
  A wasp zombie (D:7)
  A giant frog skeleton (D:6)
  4 hounds
  46 orc wizards
  3 giant frog zombies
  5 jellies
  10 orc priests
  4 centaur skeletons
  Jessica (D:3)
  10 iguanas
  Natasha (thrice) (D:3)
  27 worker ants
  A killer bee zombie (D:10)
  2 hound skeletons
  4 gnolls
  2 howler monkey skeletons
  68 river rats
  9 adders
  2 shadow imps
  2 oozes (D:4)
  An adder zombie (D:8)
  An adder skeleton (D:7)
  6 worms
  4 dart slugs
  2 giant geckos
  119 orcs
  9 giant cockroaches
  8 goblins
  10 hobgoblins
  13 jackals
  12 kobolds
  6 quokkas
  A ball python (D:2)
  8 bats
  2 giant newts (D:2)
  7 rats
1089 creatures vanquished.

Vanquished Creatures (others)
  A cyclops (D:14)
  2 shadows
  A wasp (Spider:4)
  A worm (D:4)
  An orc (D:12)
  10 fungi
  13 plants
29 creatures vanquished.

Grand Total: 1118 creatures vanquished

Notes
Turn   | Place    | Note
-------+----------+-------------------------------------------
     0 | D:1      | hairmachine the Troll Warper began the quest for the Orb.
     0 | D:1      | Reached XP level 1. HP: 19/19 MP: 1/1
   141 | D:1      | Reached XP level 2. HP: 26/27 MP: 2/2
   235 | D:1      | Reached skill level 3 in Unarmed Combat
   419 | D:1      | Reached XP level 3. HP: 33/33 MP: 3/3
   679 | D:2      | Reached skill level 4 in Unarmed Combat
  1641 | D:4      | Noticed Pikel
  1641 | D:4      | Noticed a slave
  1641 | D:4      | Noticed a slave
  1641 | D:4      | Noticed a slave
  1641 | D:4      | Noticed a slave
  1685 | D:4      | Found a sparkling altar of Nemelex Xobeh.
  1685 | D:4      | Found a snail-covered altar of Cheibriados.
  1686 | D:4      | Found a shadowy altar of Dithmenos.
  1713 | D:3      | Killed a slave
  1719 | D:3      | Reached XP level 4. HP: 27/41 MP: 4/4
  1743 | D:3      | Noticed Jessica
  1748 | D:3      | Noticed Natasha
  1800 | D:3      | Killed Natasha
  1809 | D:3      | Killed Jessica
  1809 | D:3      | Reached skill level 5 in Unarmed Combat
  1934 | D:3      | Noticed Natasha
  1935 | D:3      | Reached XP level 5. HP: 45/48 MP: 5/5
  1982 | D:3      | Killed Natasha
  1998 | D:3      | Noticed Natasha
  2008 | D:3      | Killed Natasha
  2008 | D:3      | Reached skill level 6 in Unarmed Combat
  2343 | D:3      | Reached XP level 6. HP: 38/55 MP: 6/6
  2588 | D:4      | Found a shadowy altar of Dithmenos.
  2673 | D:4      | Killed Pikel
  2673 | D:4      | Reached skill level 8 in Unarmed Combat
  2673 | D:4      | Reached XP level 7. HP: 35/62 MP: 7/7
  2784 | D:4      | Found a stormy altar of Qazlal.
  2807 | D:4      | Found Feogohim's Antique Weapon Emporium.
  2827 | D:4      | Found a staircase to the Ecumenical Temple.
  2854 | Temple   | Entered the Ecumenical Temple
  2889 | Temple   | Became a worshipper of Warmaster Okawaru
  3021 | D:4      | Reached skill level 9 in Unarmed Combat
  3317 | D:5      | Entered Level 5 of the Dungeon
  3351 | D:5      | Reached skill level 1 in Maces & Flails
  3351 | D:5      | Reached XP level 8. HP: 70/72 MP: 8/8
  3637 | D:5      | Reached skill level 1 in Shields
  4063 | D:6      | Reached * piety under Okawaru
  4555 | D:6      | Found an ancient bone altar of Kikubaaqudgha.
  5090 | D:7      | Reached XP level 9. HP: 77/84 MP: 9/9
  5325 | D:7      | Got a brightly glowing robe
  5326 | D:7      | Identified the cursed +0 robe of Lytasun {rF- rN+ Stlth+} (You found it on level 7 of the Dungeon)
  5465 | D:7      | Reached ** piety under Okawaru
  6404 | D:8      | Reached skill level 5 in Fighting
  6611 | D:9      | Noticed Prince Ribbit
  6628 | D:9      | Killed Prince Ribbit
  6734 | D:9      | Reached skill level 5 in Shields
  6825 | D:9      | Reached *** piety under Okawaru
  7105 | D:9      | Noticed Joseph
  7108 | D:9      | Noticed a troll
  7130 | D:9      | Killed Joseph
  7130 | D:9      | Reached skill level 1 in Throwing
  7216 | D:9      | Noticed a merfolk
  7419 | D:10     | Entered Level 10 of the Dungeon
  7485 | D:10     | Reached XP level 10. HP: 91/97 MP: 10/10
  7644 | D:10     | Noticed Erica
  7674 | D:10     | Killed Erica
  7674 | D:10     | Reached **** piety under Okawaru
  7847 | D:10     | Noticed rlgrobin's ghost (journeyman FoFi)
  8220 | D:9      | Found a runed door.
  8354 | D:9      | Found a roughly hewn altar of Beogh.
  8461 | D:10     | Killed rlgrobin's ghost
  8461 | D:10     | Reached skill level 5 in Throwing
  8578 | D:10     | Noticed a hill giant
  8582 | D:10     | Killed a hill giant
  8582 | D:10     | Reached ***** piety under Okawaru
  8756 | D:10     | Killed an unseen horror
  8756 | D:10     | Reached XP level 11. HP: 37/109 MP: 11/11
  9020 | D:10     | Received a gift from Okawaru
  9533 | D:11     | Found a staircase to the Lair.
  9540 | Lair:1   | Entered Level 1 of the Lair of Beasts
  9707 | Lair:1   | Reached skill level 1 in Evocations
 10249 | Lair:1   | Found a blossoming altar of Fedhas.
 10290 | Lair:1   | Reached skill level 1 in Invocations
 10637 | Lair:2   | Noticed a griffon
 10688 | Lair:2   | Noticed Sonja
 10700 | Lair:1   | HP: 2/113 [komodo dragon (25)]
 10875 | Lair:2   | Killed a griffon
 10875 | Lair:2   | Received a gift from Okawaru
 10875 | Lair:2   | Reached skill level 10 in Unarmed Combat
 11134 | Lair:2   | Noticed Sonja
 11134 | Lair:2   | Sonja changed into Sonja the basilisk
 11139 | Lair:2   | Killed Sonja the basilisk
 11305 | Lair:2   | Reached XP level 12. HP: 101/122 MP: 13/13
 11447 | Lair:2   | Found a staircase to the Shoals.
 11567 | Lair:2   | Received a gift from Okawaru
 12663 | Lair:3   | Reached skill level 11 in Unarmed Combat
 13628 | Lair:4   | Reached skill level 5 in Invocations
 13656 | Lair:4   | Learned a level 2 spell: Blink
 13712 | Lair:4   | Found a hole to the Spider Nest.
 13906 | Lair:4   | Noticed Nergalle
 13996 | Lair:4   | Killed Nergalle
 14108 | Lair:4   | Found a bloodstained altar of Trog.
 14592 | Lair:5   | Received a gift from Okawaru
 14807 | Lair:5   | You fall through a shaft!
 14807 | Lair:6   | Entered Level 6 of the Lair of Beasts
 14819 | Lair:6   | Found a burning altar of Makhleb.
 14853 | Lair:6   | Noticed a dire elephant
 14879 | Lair:6   | Killed a dire elephant
 14879 | Lair:6   | Reached skill level 10 in Fighting
 14879 | Lair:6   | Reached skill level 12 in Unarmed Combat
 14879 | Lair:6   | Reached XP level 13. HP: 122/133 MP: 16/16
 14905 | Lair:6   | Reached ****** piety under Okawaru
 15019 | Lair:6   | Noticed a dire elephant
 15032 | Lair:6   | Killed a dire elephant
 15056 | Lair:6   | Received a gift from Okawaru
 15476 | Lair:5   | Found a viscous altar of Jiyva.
 15477 | Lair:5   | Found a staircase to the Slime Pits.
 16960 | Lair:6   | Reached skill level 13 in Unarmed Combat
 17156 | Lair:6   | Found a gateway to Hell.
 17618 | D:11     | Noticed Harold
 17626 | D:11     | Killed Harold
 17626 | D:11     | Received a gift from Okawaru
 18148 | D:12     | Found a basalt altar of Yredelemnul.
 18233 | D:12     | Reached XP level 14. HP: 142/146 MP: 19/19
 18279 | D:12     | Received a gift from Okawaru
 18440 | D:12     | Gained mutation: You have sharp toenails. [potion of mutation]
 18440 | D:12     | Gained mutation: You are frail. (-10% HP) [potion of mutation]
 18440 | D:12     | Gained mutation: You have an increased reservoir of magic. (+10% MP) [potion of mutation]
 18453 | D:12     | Found a staircase to the Orcish Mines.
 18826 | D:12     | Found a white marble altar of Elyvilon.
 19219 | Orc:1    | Entered Level 1 of the Orcish Mines
 19281 | Orc:1    | Found a frozen archway.
 19315 | Orc:1    | Noticed a stone giant
 19324 | Orc:1    | Killed a stone giant
 19847 | Orc:2    | Entered Level 2 of the Orcish Mines
 20055 | Orc:2    | Found a staircase to the Elven Halls.
 20101 | Orc:2    | Noticed Aquadorian's ghost (journeyman OpAs)
 20130 | Orc:2    | Killed Aquadorian's ghost
 21031 | Orc:2    | Found Aprehin's Gadget Shoppe.
 21074 | Orc:2    | Found a radiant altar of Vehumet.
 21078 | Orc:2    | Noticed Erolcha
 21091 | Orc:2    | Killed Erolcha
 21156 | Orc:2    | Found Fecsosm's Distillery.
 21208 | Orc:2    | Found an ancient bone altar of Kikubaaqudgha.
 21239 | Orc:2    | Bought a potion of cancellation for 112 gold pieces
 21239 | Orc:2    | Bought a potion of invisibility for 112 gold pieces
 21239 | Orc:2    | Bought a potion of beneficial mutation for 490 gold pieces
 21239 | Orc:2    | Bought a potion of heal wounds for 70 gold pieces
 21250 | Orc:2    | Lost mutation: You are frail. (-10% HP) [potion of cure mutation]
 21250 | Orc:2    | Lost mutation: You have sharp toenails. [potion of cure mutation]
 21250 | Orc:2    | Lost mutation: You have an increased reservoir of magic. (+10% MP) [potion of cure mutation]
 21251 | Orc:2    | Gained mutation: You are surrounded by a mild repulsion field. (EV +2) [potion of beneficial mutation]
 21267 | Orc:2    | Found a roughly hewn altar of Beogh.
 21267 | Orc:2    | Found Qygeen's Book Shoppe.
 21441 | Orc:2    | Found Deaclal's Antique Armour Emporium.
 21785 | D:13     | Received a gift from Okawaru
 21891 | D:13     | Found Ciqucvukh's Weapon Boutique.
 21936 | D:13     | Found Feorioff's Armour Shoppe.
 22365 | D:13     | Reached skill level 14 in Unarmed Combat
 22610 | D:13     | Found Yngysati's Distillery.
 22615 | D:13     | Got a brightly glowing amber ring
 22616 | D:13     | Identified the ring "Jacef" {rC+ Int+6} (You found it on level 13 of the Dungeon)
 22631 | D:13     | Bought a potion of curing for 42 gold pieces
 22631 | D:13     | Bought 2 potions of heal wounds for 140 gold pieces
 22631 | D:13     | Bought a potion of curing for 42 gold pieces
 23661 | D:14     | Found a gate to the Vaults.
 23700 | D:14     | Reached XP level 15. HP: 138/157 MP: 20/20
 24178 | D:14     | Received a gift from Okawaru
 24289 | D:15     | Entered Level 15 of the Dungeon
 24492 | D:15     | Received a gift from Okawaru
 24624 | D:15     | Received a gift from Okawaru
 24628 | D:15     | Found a staircase to the Depths.
 24635 | D:15     | Got a crude troll leather armour {god gift}
 24651 | D:15     | Identified the +4 troll leather armour "Zirodui" {rPois Regen+ Str+2} (Okawaru gifted it to you on level 15 of the Dungeon)
 24976 | Spider:1 | Entered Level 1 of the Spider Nest
 25040 | Spider:1 | HP: 7/237 [redback (11)]
 25293 | Spider:1 | Killed a ghost moth
 25877 | Spider:1 | Received a gift from Okawaru
 26267 | Spider:2 | Upgraded the game from 0.19-a0-1341-g3513869 to 0.19-a0-1532-g228a5d9
 26315 | Spider:2 | Reached skill level 10 in Shields
 26560 | Spider:2 | Reached skill level 5 in Evocations
 26593 | Spider:2 | Noticed Roxanne
 26617 | Spider:2 | Killed Roxanne
 26846 | Spider:2 | Killed a ghost moth
 26846 | Spider:2 | Received a gift from Okawaru
 26846 | Spider:2 | Reached XP level 16. HP: 153/169 MP: 0/21
 27165 | Spider:2 | Received a gift from Okawaru
 27553 | Spider:2 | HP: 5/169 [wolf spider (19)]
 27779 | Spider:3 | Found a roughly hewn altar of Beogh.
 28345 | Spider:3 | Reached skill level 10 in Throwing
 28500 | Spider:3 | Received a gift from Okawaru
 28573 | Spider:3 | Received a gift from Okawaru
 28940 | Spider:3 | Received a gift from Okawaru
 29762 | Spider:4 | Entered Level 4 of the Spider Nest
 30855 | Spider:4 | Reached XP level 17. HP: 179/179 MP: 22/22
 31216 | Spider:4 | Received a gift from Okawaru
 31216 | Spider:4 | Reached skill level 15 in Unarmed Combat
 31396 | Spider:4 | HP: 5/179 [spark wasp/living lightning (20)]
 31397 | Spider:4 | Killed from afar by a spark wasp

Vault maps used:
D:1:      evilmike_arrival_plus
D:3:      first_bread, uniq_jessica, uniq_natasha
D:4:      grunt_temple_overflow_open, serial_shops, shop,
          grunt_dithmenos_smoke_and_mirrors, uniq_pikel
D:5:      nrook_uturn, kennysheep_generic_room_6
D:6:      kennysheep_mini_moat, minmay_crystal_room
D:9:      hangedman_fish_farm, supply_closet_lemuel, lightli_church_of_beogh,
          uniq_joseph, uniq_prince_ribbit1
D:10:     serial_undead, serial_undead_d, serial_undead_a, serial_undead_f,
          serial_undead_a, serial_undead_b, serial_undead_e, uniq_erica
D:11:     lair_0_dummy, hangedman_decor_opposing, uniq_harold
D:12:     erik_orc_1, basic_altar, minmay_strange_pillars, elyvilon_altar_4
D:13:     serial_column_ruins, column_ruins_columns_straight,
          column_ruins_columns_dead_end, column_ruins_columns_corner,
          column_ruins_grid_2, serial_shops, shop, shop,
          nicolae_shop_behind_doors, lab_entry_generic, fungi_pond_lemuel,
          minmay_liquid_box, serial_bayou_ford_a
D:14:     lightli_vaults_fourway_checkpoint, kennysheep_generic_room_2
D:15:     hangedman_depths_entry_try_elsewhere_first, minmay_misc_feat_tiny
Temple:   regret_index_temple_sphere_string
Lair:1:   basic_altar
Lair:2:   minmay_shoals_entry_beasts, st_stairs_6, serial_bayou_shore_a,
          infiniplex_staircase_pool, uniq_sonja
Lair:4:   spider_nest_entry_rubble, nicolae_volcano_entry_two_sided,
          basic_altar, uniq_nergalle
Lair:5:   slime_altar_1, grunt_megastairs_2
Lair:6:   evil_forest, grunt_forest_large_clearing_hut,
          infiniplex_staircase_pool_2
Spider:2: spiders_nest_scorpion_pit, uniq_roxanne
Spider:3: nicolae_spider_mines_2, minivault_29
Spider:4: spider_rune_water
Orc:1:    portal_ice_cave_entry_pillars_1
Orc:2:    kennysheep_orc_mage_school, nooodl_orcs_dogs

Skill      XL: |  1  2  3  4  5  6  7  8  9 10 11 12 13 14 15 16 17 |
---------------+----------------------------------------------------+-----
Unarmed Combat | 3 4 5 6 8 9 10 12 13 14 15 | 15.0
Maces & Flails | 1 3 |  3.6
Fighting       | 3 6 7 8 10 11 12 13 | 13.9
Shields        | 3 5 7 8 9 10 11 | 11.4
Throwing       | 2 5 6 7 9 10 | 10.9
Evocations     | 2 5 |  5.0
Invocations    | 3 6 8 9 |  9.3
Translocations | 4 |  4.4
Dodging        | |  1.9
Spellcasting   | |  1.2

Action                   |  1- 3 |  4- 6 |  7- 9 | 10-12 | 13-15 | 16-18 || total
-------------------------+-------+-------+-------+-------+-------+-------++-------
Melee: Unarmed           |   140 |   106 |   338 |   953 |  1628 |   768 ||  3933
       Punch             |     1 |       |       |     1 |       |       ||     2
       Kick              |       |       |       |       |   118 |       ||   118
Throw: Tomahawk          |       |       |     1 |    11 |     2 |       ||    14
       Large rock        |       |       |       |       |    44 |    71 ||   115
Invok: Heroism           |       |       |       |    10 |    14 |     3 ||    27
       Finesse           |       |       |       |       |     6 |     2 ||     8
Evoke: Wand              |       |       |       |     3 |     4 |     6 ||    13
  Use: Scroll            |     1 |     4 |    13 |    10 |    16 |     5 ||    49
       Potion            |       |       |     2 |     7 |    21 |    10 ||    40
 Stab: Sleeping          |       |       |       |     6 |     3 |       ||     9
       Invisible         |       |       |       |       |     3 |     4 ||     7
       Distracted        |       |       |       |       |     1 |       ||     1
  Eat: Chunk             |    18 |    12 |    44 |    68 |   110 |    43 ||   295
Armor: Robe              |    65 |    34 |   100 |   193 |   266 |       ||   658
       Skin              |       |       |       |    28 |    15 |       ||    43
       Troll leather arm |       |       |       |       |   146 |   381 ||   527
Dodge: Dodged            |    96 |    45 |    78 |   269 |   439 |   356 ||  1283
Block: Shield            |       |    27 |    90 |   437 |  1015 |   769 ||  2338
       Large shield      |       |       |       |     6 |       |       ||     6
       Reflection        |       |       |       |       |    26 |       ||    26
